 Dungeon Crawl Stone Soup version 0.28.0-53-g5a82cb258f (webtiles) character file.

Game seed: 12927964293729758117

40 MisterFreud the Covert (level 3, -2/35 HPs)
             Began as a Gnoll Delver on Aug 2, 2022.
             Was a Follower of Wu Jian.
             Slain by Terence
             ... wielding a +0 flail
              (12 damage)
             ... on level 2 of the Dungeon.
             The game lasted 00:01:30 (1049 turns).

MisterFreud the Covert (Gnoll Delver)               Turns: 1049, Time: 00:01:31

Health: -2/35      AC:  3    Str: 11    XL:     3   Next: 50%
Magic:  4/4        EV: 13    Int: 11    God:    Wu Jian [*.....]
Gold:   93         SH:  0    Dex: 13    Spells: 3/3 levels left

rFire   . . .      SeeInvis .   a - +0 short sword
rCold   . . .      Faith    .   (no shield)
rNeg    . . .      Spirit   .   b - +0 leather armour
rPois   .          Reflect  .   (no helmet)
rElec   .          Harm     .   (no cloak)
rCorr   .          Rampage  .   (no gloves)
Will    .....                   (no boots)
Stlth   ++++......              n - amulet of regeneration
HPRegen 0.91/turn               (no ring)
MPRegen 0.09/turn               (no ring)

@: no status effects
A: fangs 1, strong nose, distributed training
a: Renounce Religion


You were on level 2 of the Dungeon.
You worshipped Wu Jian.
Wu Jian was aware of your devotion.
You visited 1 branch of the dungeon, and saw 5 of its levels.

You collected 93 gold pieces.

Inventory:

Hand Weapons
 a - a +0 short sword (weapon)
Armour
 b - a +0 leather armour (worn)
 k - a scarf of invisibility
Jewellery
 n - an amulet of regeneration (around neck)
Wands
 g - a wand of digging (3)
Scrolls
 c - 2 scrolls of fog
 d - 2 scrolls of magic mapping
 e - a scroll of fear
 i - 2 scrolls of teleportation {unknown}
 m - a scroll of identify {unknown}
 o - a scroll of amnesia {unknown}
 q - 3 scrolls of blinking {unknown}
Potions
 f - 2 potions of haste
 h - 2 potions of resistance {unknown}
 j - a potion of might {unknown}
 l - a potion of degeneration {unknown}
 p - a potion of berserk rage {unknown}
 r - a potion of heal wounds {unknown}
 s - a potion of curing {unknown}
 t - a potion of magic {unknown}


   Skills:
 + Level 6.5 Fighting
 + Level 4.5 Short Blades
 + Level 0.8 Long Blades
 + Level 0.8 Axes
 + Level 0.8 Maces & Flails
 + Level 0.8 Polearms
 + Level 0.8 Staves
 + Level 0.8 Slings
 + Level 0.8 Bows
 + Level 0.8 Crossbows
 + Level 0.8 Throwing
 + Level 0.8 Armour
 + Level 4.5 Dodging
 + Level 9.6 Stealth
 + Level 0.8 Shields
 + Level 0.8 Unarmed Combat
 + Level 0.8 Spellcasting
 + Level 0.5 Conjurations
 + Level 0.5 Hexes
 + Level 0.5 Summonings
 + Level 0.5 Necromancy
 + Level 0.5 Translocations
 + Level 0.5 Transmutations
 + Level 0.5 Fire Magic
 + Level 0.5 Ice Magic
 + Level 0.5 Air Magic
 + Level 0.5 Earth Magic
 + Level 0.5 Poison Magic
 + Level 1.0 Invocations
 + Level 0.8 Evocations


You had 3 spell levels left.
You didn't know any spells.
Your spell library contained the following spells:

 Spells                   Type           Power      Damage    Failure   Level
 Summon Small Mammal      Summ           4%         N/A       34%         1
 Call Canine Familiar     Summ           1%         N/A       71%         3
 Summon Guardian Golem    Hex/Summ       1%         N/A       71%         3


Dungeon Overview and Level Annotations

Branches:
Dungeon (5/15)
 Temple: D:4-7

Altars:
Vehumet
Wu Jian

Annotations:
D:2 Terence


Innate Abilities, Weirdness & Mutations

You have very sharp teeth.
Your uncanny sense of smell can sniff out nearby items.
Your experience applies equally to all skills.


Message History

Terence is severely wounded.
Terence hits you with a +0 flail.
You completely miss Terence.
Terence is severely wounded.
Terence barely misses you.
You hit Terence but do no damage.
Terence is heavily wounded.
Terence misses you.
You hit Terence but do no damage. You bite Terence, but do no damage.
Terence is heavily wounded.
Terence misses you.
You hit Terence. You bite Terence, but do no damage.
Terence is severely wounded.
Terence hits you with a +0 flail.
You barely miss Terence.
Terence is severely wounded.
Terence closely misses you.
You hit Terence but do no damage. You bite Terence, but do no damage.
Terence is severely wounded.
Terence hits you with a +0 flail!
You hit Terence. Your punch misses Terence.
Terence is severely wounded.
You barely miss Terence.
Terence is severely wounded.
Terence hits you with a +0 flail.
You hit Terence but do no damage. You bite Terence, but do no damage.
Terence is severely wounded.
Terence misses you.
You hit Terence but do no damage.
Terence is severely wounded.
Terence barely misses you.
You hit Terence. Your punch misses Terence.
Terence is severely wounded.
Terence hits you with a +0 flail!
* * * LOW HITPOINT WARNING * * *
You hit Terence. You bite Terence, but do no damage.
Terence is almost dead.
Terence shouts, "Now you die!" Terence hits you with a +0 flail!
You die...

.#####........
.............. #.#
..####.####.####.##
..####.###........
..................
..####.###..####[###
#.........#.# #...
#.........#.####.#######
................@@......
#.........#.#.##.#######
##.......##.#.....#
#.......##.#.....#
#.......##.#.....#
##.......##.#.....#
..................#
#.##.#.####.#..#.##
.....#.# #..#.#


You could see Terence.

Vanquished Creatures
  An adder (D:3)
  A dart slug (D:1)
  6 endoplasms
  A giant cockroach (D:1)
  2 goblins
  3 hobgoblins
  2 quokkas
  A ball python (D:1)
  2 bats (D:1)
  6 frilled lizards
  4 rats
29 creatures vanquished.

Notes
Turn   | Place    | Note
-------+----------+-------------------------------------------
     0 | D:5      | Reached skill level 9 in Stealth
     0 | D:5      | MisterFreud the Gnoll Delver began the quest for the Orb.
     0 | D:5      | Reached XP level 1. HP: 23/23 MP: 1/1
    75 | D:3      | Reached XP level 2. HP: 29/29 MP: 2/2
   186 | D:3      | Found a radiant altar of Vehumet.
   343 | D:1      | Found a faded altar of an unknown god.
   409 | D:1      | Prayed at the altar of an unknown god.
   409 | D:1      | Became a worshipper of the Wu Jian Council
   409 | D:1      | Reached * piety under Wu Jian
   651 | D:1      | Reached XP level 3. HP: 35/35 MP: 3/3
   966 | D:2      | Reached skill level 1 in Invocations
  1007 | D:2      | Noticed Terence
  1049 | D:2      | Slain by Terence

Illustrated notes

Levels and vault maps discovered:
D:1:      dpeg_arrival_rooms_a, layout_basic, basic_ecumenical_altar
D:2:      layout_basic, uniq_robin, uniq_terence
D:3:      layout_loops_cross, nicolae_vehumet_radiance
D:4:      layout_loops_cross, serial_shops, nicolae_take_the_stairs
D:5:      layout_rooms, chequers_temple_overflow_minitemple, moated_statue,
          uniq_prince_ribbit1

Skill      XL: |  1  2  3 |
---------------+----------+-----
Stealth        | |  9.6
Invocations    | 1 |  1.0
Fighting       | |  6.5
Short Blades   | |  4.5
Long Blades    | |  0.8
Axes           | |  0.8
Maces & Flails | |  0.8
Polearms       | |  0.8
Staves         | |  0.8
Slings         | |  0.8
Bows           | |  0.8
Crossbows      | |  0.8
Throwing       | |  0.8
Armour         | |  0.8
Dodging        | |  4.5
Shields        | |  0.8
Unarmed Combat | |  0.8
Spellcasting   | |  0.8
Conjurations   | |  0.5
Hexes          | |  0.5
Summonings     | |  0.5
Necromancy     | |  0.5
Translocations | |  0.5
Transmutations | |  0.5
Fire Magic     | |  0.5
Ice Magic      | |  0.5
Air Magic      | |  0.5
Earth Magic    | |  0.5
Poison Magic   | |  0.5
Evocations     | |  0.8

Action                   || total
-------------------------++-------
Melee: Short sword       ||    88
       Bite              ||    10
Invok: Lunge             ||     8
 Stab: Sleeping          ||    13
Armor: Leather armour    ||     4
Dodge: Dodged            ||    40
